cohdb
Replays
Latest Replays
All Replays
Popular Replays
Top Player Replays
Match Explorer
How It Works
Community
CoH3 Stats
Reddit
Sign in to upload your games and track your stats! →
Sign in with Steam
Match 38038627
Unlisted
Match 38038627
Overview
Messages
Build Orders
End
Construct Section Command Post
Selects Heavy Armor Battlegroup
Infantry Section
Infantry Section
Grenade Package
Dingo Light Scout Car
Construct Platoon Command Post
Unlock M3 Stuart Light Tanks
Selects Rigorous Vehicle Training
Infantry Section
M3 Stuart Light Tank
Infantry Section
Vickers Machine Gun Team
M3 Stuart Light Tank
Construct Field Infirmary
Selects Crusader AA Medium Tank
6-pounder Anti-tank Gun Team
Selects UNKNOWN (2162094)
[GG]Onkel Stonkel
[GG]Quiq
MozG64
Chervenka
0
0
Comments
sign in to comment!
No comments posted yet!